 Dungeon Crawl Stone Soup version 0.29-a0-409-gd843f3a48c (webtiles) character file.

Game seed: 15401848412378034351

776 runemasterragnar the Slasher (level 7, -1/49 HPs)
             Began as an Octopode Fighter on May 14, 2022.
             Slain by a killer bee (9 damage)
             ... on level 4 of the Dungeon.
             The game lasted 00:05:53 (4476 turns).

runemasterragnar the Slasher (Octopode Fighter)     Turns: 4476, Time: 00:05:54

Health: -1/49      AC:  1    Str: 15    XL:     7   Next: 84%
Magic:  7/7        EV: 14    Int: 12    God:
Gold:   274        SH:  5    Dex: 12    Spells: 6/6 levels left

rFire   . . .      SeeInvis +   p - +5 dagger (chaos)
rCold   . . .      Faith    .   b - +0 buckler
rNeg    . . .      Spirit   .   (helmet restricted)
rPois   .          Reflect  .   (no amulet)
rElec   .          Harm     .   n - ring of see invisible
rCorr   +          Rampage  .   i - ring of resist corrosion
Will    .....                   (no ring)
Stlth   +++.......              (no ring)
HPRegen 0.16/turn               (no ring)
MPRegen 0.10/turn               (no ring)
                                (no ring)
                                (no ring)

@: mighty
A: almost no armour, amphibious, 8 rings, camouflage 1, gelatinous body 1,
(nimble swimmer 1), tentacles
a: no special abilities


You were on level 4 of the Dungeon.
You visited 1 branch of the dungeon, and saw 4 of its levels.

You collected 274 gold pieces.

Inventory:

Hand Weapons
 a - a +0 long sword
 p - a +5 dagger of chaos (weapon)
 t - a +2 dagger of holy wrath
 v - a +0 hand crossbow
Missiles
 r - 6 poisoned darts (quivered)
Armour
 b - a +0 buckler (worn)
Magical Staves
 q - a staff of earth
 u - a staff of conjuration
Jewellery
 f - a +6 ring of intelligence
 i - a ring of resist corrosion (right tentacle)
 n - a ring of see invisible (left tentacle)
Scrolls
 d - 2 scrolls of poison {unknown}
 e - 2 scrolls of magic mapping {unknown}
 j - a scroll of enchant weapon
 m - a scroll of identify {unknown}
 o - a scroll of blinking {unknown}
 s - 3 scrolls of vulnerability {unknown}
Potions
 h - a potion of curing
 l - a potion of flight


   Skills:
 + Level 4.3 Fighting
 * Level 4.7 Long Blades
 + Level 4.4 Dodging
 + Level 4.1 Stealth
 + Level 4.3 Shields
 + Level 2.9 Unarmed Combat


You had 6 spell levels left.
You didn't know any spells.
Your spell library was empty.

Dungeon Overview and Level Annotations

Branches:
Dungeon (4/15)
 Temple: D:4-7

Altars:
Makhleb

Shops:
D:1 (   D:4 ?


Innate Abilities, Weirdness & Mutations

You cannot wear most types of armour.
You are amphibious.
You can wear up to eight rings at the same time.
Your skin changes colour to match your surroundings (Stealth+).
Your rubbery body absorbs attacks. (AC +1, EV +1)
((You are camouflaged when in or above water. (Stealth+)))
You have tentacles for arms and can constrict up to eight enemies at once.


Message History

The killer bee closely misses you.
Your Stealth skill increases to level 4!
You hit the killer bee. You grab the killer bee.
You tentacle-slap the killer bee. Your squeeze misses the killer bee.
The killer bee is severely wounded.
You constrict the killer bee. The killer bee stings you.
The killer bee closely misses you.
You puncture the killer bee!
You kill the killer bee!
You block the killer bee's attack.
You miss the killer bee. Your grab misses the killer bee.
The killer bee misses you.
You puncture the killer bee! You burn the killer bee.
You kill the killer bee!
The killer bee stings you.
You are poisoned.
The killer bee poisons you!
You barely miss the killer bee. Your grab misses the killer bee.
You feel sick. The killer bee closely misses you. The killer bee stings you!
You miss the killer bee. Your grab misses the killer bee.
Your squeeze misses the killer bee.
You feel sick. The killer bee stings you.
* * * LOW HITPOINT WARNING * * *
The killer bee barely misses you.
Unknown command.
You feel better. The killer bee stings you. x2
You completely miss the killer bee. Your grab misses the killer bee.
The killer bee stings you!
* * * LOW HITPOINT WARNING * * *
You block the killer bee's attack.
You miss the killer bee. Your grab misses the killer bee.
Your tentacle-slap misses the killer bee.
The killer bee stings you.
* * * LOW HITPOINT WARNING * * *
The killer bee closely misses you.
Unknown command.
You miss the killer bee. Your grab misses the killer bee.
You squeeze the killer bee!
The killer bee is severely wounded.
The killer bee closely misses you. The killer bee stings you!
You die...

..).##........# ##.## #
..#...........# #...###
..#..#........# #.#...#
###..##.......## #...#.#
#...)).......# #####.#
##)####.#.###.## #.#
#)#.....## #.####### #.#
####...#...# #.......#
#.# ......###..# ##@# .#
#.#
####...#..#.###y####....
...
###......###...#$yyy.#
y.. .........#
###..y##### #........##
##.### #.........###.##
#.......##...##
###...............#
#...###########...


You could see a killer bee.

Vanquished Creatures
  A phantom (D:4)
  A kobold brigand (D:4)
  A necrophage (D:4)
  4 wights (D:4)
  4 killer bees (D:4)
  2 hounds (D:4)
  A gnoll (D:1)
  2 adders
  A worm (D:2)
  7 orcs
  12 endoplasms
  4 giant cockroaches
  8 hobgoblins
  4 jackals (D:2)
  5 quokkas
  3 ball pythons
  4 bats
  A frilled lizard (D:2)
  8 goblins
  11 kobolds
  5 rats
89 creatures vanquished.

Notes
Turn   | Place    | Note
-------+----------+-------------------------------------------
     0 | D:1      | runemasterragnar the Octopode Fighter began the quest for
                  | the Orb.
     0 | D:1      | Reached XP level 1. HP: 16/16 MP: 1/1
     8 | D:1      | Noticed a vampire
    14 | D:1      | Noticed a draconian
    16 | D:1      | Noticed an octopode
    16 | D:1      | Noticed a minotaur zombie
   292 | D:1      | Found a faded altar of an unknown god.
   565 | D:1      | Reached XP level 2. HP: 21/21 MP: 2/2
   650 | D:1      | Found Fad Xist's Weapon Boutique.
   662 | D:1      | Reached skill level 1 in Stealth
   824 | D:1      | Reached XP level 3. HP: 22/26 MP: 3/3
  1344 | D:2      | Reached skill level 1 in Unarmed Combat
  1864 | D:2      | Reached XP level 4. HP: 17/31 MP: 4/4
  2323 | D:2      | Identified the +3 leather armour of Xom's Supremacy {Contam
                  | rF- Int+8 SInv}
  3393 | D:4      | Found a burning altar of Makhleb.
  3398 | D:4      | Reached XP level 5. HP: 36/36 MP: 5/5
  3417 | D:4      | Noticed a kobold brigand
  3538 | D:4      | Killed a kobold brigand
  3632 | D:4      | Reached XP level 6. HP: 43/43 MP: 6/6
  3943 | D:4      | Found Tuynabel's Magic Scroll Emporium.
  4269 | D:4      | Reached XP level 7. HP: 34/48 MP: 7/7
  4476 | D:4      | Slain by a killer bee

Illustrated notes

Levels and vault maps discovered:
D:1:      shiori_arrival_whats_in_store_for_you, layout_basic,
          hellmonk_ecumenical_altar_zigzags, serial_shops,
          nicolae_shop_temple_entry_statues_fountains, nicolae_grassy_gnolls
D:2:      layout_basic, wander_ebering_terrifying_dragon_lair
D:3:      layout_rooms
D:4:      layout_loops_ring, makhleb_blood_cavern_becter, serial_shops,
          nicolae_shop_advertising_works [nicolae_subvault_shop_adworks],
          ebering_dispersal_statue_hall

Skill      XL: |  1  2  3  4  5  6  7 |
---------------+----------------------+-----
Stealth        | 1 2 3 4 |  4.1
Unarmed Combat | 1 2 |  2.9
Long Blades    | 3 4 |  4.7
Dodging        | 4 |  4.4
Fighting       | 4 |  4.3
Shields        | 4 |  4.3

Action                   |  1- 3 |  4- 6 |  7- 9 || total
-------------------------+-------+-------+-------++-------
Melee: Long sword        |    79 |    45 |       ||   124
       Constrict         |    16 |    19 |     6 ||    41
       Tentacles         |    15 |    22 |     6 ||    43
       Dagger            |       |    57 |    24 ||    81
       Punch             |       |     2 |     3 ||     5
  Use: Potion            |       |     6 |     3 ||     9
       Scroll            |       |       |     2 ||     2
 Stab: Sleeping          |     5 |     7 |       ||    12
Armor: Skin              |     7 |     4 |       ||    11
Dodge: Dodged            |    50 |    48 |    22 ||   120
Block: Buckler           |    24 |    17 |     4 ||    45

Table legend: (Time is in decaauts)
 A = Elapsed time spent in this place.
 B = Non-inter-level travel time spent in this place.
 C = Inter-level travel time spent in this place.
 D = Time resting spent in this place.
 E = Time spent auto-exploring this place.
 F = Levels seen in this place.
 G = Mean time per level.
                   A        B        C        D        E       F      G
               +--------+--------+--------+--------+--------+-----+--------+
         Total |   4506 |   4407 |     99 |    334 |   3333 |   4 | 1126.5 |
       Dungeon |   4506 |   4407 |     99 |    334 |   3333 |   4 | 1126.5 |
               +--------+--------+--------+--------+--------+-----+--------+

Top non-repeatable levels by time:
     D:2: 1459 daAuts
     D:1: 1329 daAuts
     D:4: 1002 daAuts
     D:3: 714 daAuts
